 Dungeon Crawl Stone Soup version 0.30.0-29-ga12c61a403 (webtiles) character file.

Game seed: 11712635181007936379

97 GeoRichter the Slasher (level 4, -3/28 HPs)
             Began as a Tengu Reaver on June 18, 2023.
             Slain by an ogre
             ... wielding a +0 giant spiked club
              (31 damage)
             ... on level 4 of the Dungeon.
             The game lasted 00:03:30 (3097 turns).

GeoRichter the Slasher (Tengu Reaver)               Turns: 3097, Time: 00:03:30

Health: -3/28      AC:  6    Str: 13    XL:     4   Next: 68%
Magic:  8/8        EV:  9    Int: 15    God:
Gold:   208        SH:  0    Dex: 12    Spells: 6/7 levels left

rFire   . . .        a - +0 falchion
rCold   + . .        (no shield)
rNeg    . . .        j - +0 scale mail
rPois   .            (helmet restricted)
rElec   .            (no cloak)
rCorr   .            (no gloves)
SInv    .            (boots unavailable)
Will    .....        (no amulet) Stlth
                     q - ring of protection from cold
HPRegen 0.24/turn    (no ring)
MPRegen 0.11/turn

%: no passive effects
@: no status effects
A: beak, talons 3
a: no special abilities


You were on level 4 of the Dungeon.
You visited 1 branch of the dungeon, and saw 4 of its levels.

You collected 208 gold pieces.

Inventory:

Hand Weapons
 a - a +0 falchion (weapon)
Missiles
 p - 7 poisoned darts (quivered)
Armour
 j - a +0 scale mail (worn)
Magical Staves
 i - a staff of death
Jewellery
 q - a ring of protection from cold (left hand)
Scrolls
 b - 2 scrolls of identify {unknown}
 c - 2 scrolls of noise {unknown}
 d - a scroll of enchant weapon {unknown}
 f - a scroll of magic mapping {unknown}
 h - 2 scrolls of amnesia {unknown}
 k - a scroll of torment {unknown}
 l - 4 scrolls of immolation {unknown}
 m - 2 scrolls of teleportation {unknown}
 n - a scroll of poison {unknown}
Potions
 e - 3 potions of heal wounds {unknown}
 g - 3 potions of haste {unknown}
 r - 2 potions of curing {unknown}


   Skills:
 + Level 3.1 Fighting
 * Level 5.1 Long Blades
 - Level 2.1 Dodging
 - Level 2.0 Spellcasting
 - Level 4.0 Conjurations


You had 6 spell levels left.
You knew the following spells:

 Your Spells              Type           Power      Damage    Failure   Level
a - Kiss of Death         Conj/Necr      28%        2d7       43%         1

Your spell library contained the following spells:

 Spells                   Type           Power      Damage    Failure   Level
 Foxfire                  Conj/Fire      28%        2x1d5     43%         1
 Momentum Strike          Conj/Tloc      14%        3d8       58%         2
 Hailstorm                Conj/Ice       7%         3d4       82%         3
 Sublimation of Blood     Necr           1%         N/A       86%         2
 Volatile Blastmotes      Fire/Tloc      2%         2d10      97%         3
 Fulminant Prism          Conj/Hex       3%         3d5       99%         4
 Iskenderun's Mystic Bla  Conj/Tloc      7%         2d4       99%         4
 Petrify                  Tmut/Erth      1%         N/A       100%        4
 Fireball                 Conj/Fire      3%         3d4       100%        5
 Irradiate                Conj/Tmut      3%         3d12      100%        5
 Lee's Rapid Deconstruct  Erth           0%         3d4*      100%        5
 Plasma Beam              Fire/Air       0%         2x1d11    100%        6
 Starburst                Conj/Fire      3%         6d3       100%        6


Dungeon Overview and Level Annotations

Branches:
Dungeon (4/15)
 Temple: D:4-7

Altars:
Okawaru
Ru
Zin
The Shining One

Shops:
D:2 :

Annotations:
D:4 2 transporters, Gandelf's ghost, amateur SpCj


Innate Abilities, Weirdness & Mutations

You have a beak for a mouth.
You have claws for feet.


Message History

Found a glowing golden altar of the Shining One.
There is an open door here.
There is an open door here.
There is a stone staircase leading down here.
There is an open door here.
Things that are here:
a +0 whip; a kobold corpse You see here a +0 dagger.
There is an open door here.
The shadow imp shouts, "Quit, thou villainous spleeny dewberry!"
You open the door.
There is an open door here.
You now have 208 gold pieces (gained 6).
Key pressed, stopping explore.
m - 2 scrolls labelled DOISHI UNUKEO (gained 1)
Found a leather armour.
You see here a +0 leather armour.
Found a scroll labelled CACINE ZYFAIH.
The ogre shouts!
An ogre is nearby!
Okay, then.
Throw: 7 darts (poison)
Press: ? - help, Q - select action, (/) - cycle Shift-Dir - straight line, f - ogre
Aim: an ogre, wielding a +0 giant spiked club (73% to hit)
Okay, then.
Throw: 2 darts (atropa)
Press: ? - help, Shift-Dir - straight line, f - ogre
Aim: an ogre, wielding a +0 giant spiked club (73% to hit, chance to blind on hit: 27%)
You throw an atropa-tipped dart.
The atropa-tipped dart barely misses the ogre.
Throw: dart (atropa)
Press: ? - help, Shift-Dir - straight line, f/p - ogre
Aim: an ogre, wielding a +0 giant spiked club (73% to hit, chance to blind on hit: 27%)
You throw an atropa-tipped dart. The atropa-tipped dart hits the ogre.
The ogre resists.
You hit the ogre. Your kick misses the ogre.
The ogre is moderately wounded.
The ogre hits you with a +0 giant spiked club!!
Ouch! That really hurt!
You die...

?... ### ....##.########
.......(......###### .....
..#..............# ....
.....#####.####.# ... #.(# #.#
#.# ... #.O######.# #.# #.#
#.@.....[.# ##.# ###.###.#
##'######## #..#
........####.##...# #.## #.
##......#..... ##.#
###.##O######....... ##..#
#..P#...####.........####...##
P..P.......'.........+.......#
P♣♣.....####.........####...##
.P♣P....# #...... #..##


You could see an ogre.

Vanquished Creatures
  3 adders
  A worm (D:3)
  A dart slug (D:1)
  6 bats
  11 endoplasms
  A giant cockroach (D:1)
  6 goblins
  8 hobgoblins
  2 jackals (D:1)
  7 kobolds
  A quokka (D:3)
  7 ball pythons
  A frilled lizard (D:1)
  3 rats (D:1)
58 creatures vanquished.

Notes
Turn   | Place    | Note
-------+----------+-------------------------------------------
     0 | D:1      | GeoRichter the Tengu Reaver began the quest for the Orb.
     0 | D:1      | Reached XP level 1. HP: 12/12 MP: 4/4
   167 | D:1      | Reached XP level 2. HP: 17/17 MP: 6/6
   287 | D:1      | Reached skill level 4 in Long Blades
   384 | D:1      | Reached XP level 3. HP: 22/22 MP: 7/7
   955 | D:2      | Identified the +3 mace "Globulus" {flame, Will+ rCorr}
  1346 | D:2      | Found Makarolo's Book Emporium.
  1649 | D:3      | Reached XP level 4. HP: 24/27 MP: 8/8
  1782 | D:3      | Found a faded altar of an unknown god.
  2106 | D:3      | Reached skill level 5 in Long Blades
  2275 | D:4      | Found an iron altar of Okawaru.
  2276 | D:4      | Found a glowing silver altar of Zin.
  2276 | D:4      | Found a sacrificial altar of Ru.
  2398 | D:4      | Found a transporter.
  2401 | D:4      | Noticed Gandelf's ghost (amateur SpCj)
  2403 | D:4      | Found a transporter.
  2468 | D:4      | Noticed an ogre
  2945 | D:4      | Found a glowing golden altar of the Shining One.
  3097 | D:4      | Slain by an ogre

Illustrated notes

Levels and vault maps discovered:
D:1:      lemuel_arrival_rhombus, layout_loops_ring, minmay_pentomino_v2
D:2:      layout_basic, serial_shops, nicolae_shop_just_a_little_nook
D:3:      layout_basic, shapermc_ecumenical_altar_mp_ritualfount
D:4:      layout_loops_corners, nicolae_overflow_quartered_altars,
          gammafunk_ghost_mausoleum, serial_forest,
          infiniplex_forest_clump_tiny, infiniplex_forest_end_double,
          infiniplex_forest_lined_room_, infiniplex_forest_end_1,
          infiniplex_forest_clump_small, infiniplex_forest_clump_small,
          infiniplex_forest_clump_tiny, lexackson_kobold_supper

Skill      XL: |  1  2  3  4 |
---------------+-------------+-----
Long Blades    | 4 5 |  5.1
Fighting       | 3 |  3.1
Dodging        | |  2.1
Spellcasting   | |  2.0
Conjurations   | |  4.0

Action                     |  1- 3 |  4- 6 || total
---------------------------+-------+-------++-------
  Melee: Falchion          |    90 |    49 ||   139
         Kick              |    21 |    12 ||    33
         Peck              |     7 |    12 ||    19
  Throw: Dart              |       |     2 ||     2
   Stab: Sleeping          |     1 |       ||     1
 Armour: Leather armour    |    12 |       ||    12
         Scale mail        |    20 |    21 ||    41
  Dodge: Dodged            |    43 |    16 ||    59
